 Dungeon Crawl Stone Soup version 0.30-b1-2-g02819fbbbe (webtiles) character file.

Game seed: 9863318906751366701

41 snakesoul the Caller (level 3, 0/24 HPs)
             Began as a Merfolk Summoner on May 31, 2023.
             Killed from afar by an orc wizard (7 damage)
             ... with a magic dart
             ... on level 3 of the Dungeon.
             The game lasted 00:05:56 (1933 turns).

snakesoul the Caller (Merfolk Summoner)             Turns: 1933, Time: 00:05:57

Health: 0/24       AC:  3    Str:  8    XL:     3   Next: 52%
Magic:  1/6        EV: 13    Int: 14    God:
Gold:   42         SH:  0    Dex: 16    Spells: 0/7 levels left

rFire   . . .        j - +0 hand axe
rCold   . . .        (no shield)
rNeg    . . .        a - +0 robe
rPois   .            (no helmet)
rElec   .            (no cloak)
rCorr   .            (no gloves)
SInv    .            f - +0 pair of boots
Will    .....        (no amulet)
Stlth   ++           (no ring)
HPRegen 0.24/turn    (no ring)
MPRegen 0.10/turn

%: no passive effects
@: no status effects
A: (nimble swimmer 2), mertail
a: no special abilities


You were on level 3 of the Dungeon.
You visited 1 branch of the dungeon, and saw 3 of its levels.

You collected 66 gold pieces.
You spent 24 gold pieces at shops.

Inventory:

Hand Weapons
 j - a +0 hand axe (weapon)
Armour
 a - a +0 robe (worn)
 f - a +0 pair of boots (worn)
Jewellery
 g - a ring of fire
Scrolls
 d - 2 scrolls of enchant weapon {unknown}
 e - a scroll of fog {unknown}
 h - 3 scrolls of identify
 i - a scroll of poison {unknown}
 l - 2 scrolls of fear {unknown}
 m - a scroll of magic mapping {unknown}
 n - a scroll of teleportation {unknown}
Potions
 b - 2 potions of magic
 c - 3 potions of might {unknown}
 k - a potion of heal wounds {unknown}
 o - a potion of attraction {unknown}
 p - a potion of ambrosia {unknown}


   Skills:
 + Level 0.0 Fighting
 + Level 3.6 Dodging
 - Level 2.1 Stealth
 + Level 2.5 Spellcasting
 * Level 4.4 Summonings


You couldn't memorise any spells.
You knew the following spells:

 Your Spells              Type           Power      Damage    Failure   Level
a - Summon Small Mammal   Summ           56%        N/A       3%          1
b - Call Imp              Summ           28%        N/A       5%          2
c - Magic Dart            Conj           4%         1d3       22%         1
d - Call Canine Familiar  Summ           14%        N/A       11%         3

Your spell library contained the following spells:

 Spells                   Type           Power      Damage    Failure   Level
 Summon Guardian Golem    Hex/Summ       8%         N/A       26%         3
 Mephitic Cloud           Conj/Pois/Air  1%         N/A       56%         3
 Summon Lightning Spire   Summ/Air       8%         N/A       65%         4
 Petrify                  Tmut/Erth      1%         N/A       92%         4
 Metabolic Englaciation   Hex/Ice        0%         N/A       99%         5
 Statue Form              Tmut/Erth      0%         N/A       100%        6


Dungeon Overview and Level Annotations

Branches:
Dungeon (3/15)

Altars:

Shops:
D:2 ?*??[


Innate Abilities, Weirdness & Mutations

((You are very nimble when in or above water. (Stealth+, EV+, Speed+++)))
Your lower body shifts to a powerful aquatic tail in water.


Message History

You miss something.
Your cerulean imp disappears in a puff of smoke!
Something hits you but does no damage. x2
You miss something. Something hits you but does no damage.
You barely miss something. Something hits you but does no damage.
Casting: Call Imp (safe; 5% risk of failure)
Confirm with . or Enter, or press ? or * to list all spells.
A tiny devil pulls itself out of the air.
Something hits you.
You barely miss something. Something hits you but does no damage.
Something hits you.
You miss something. Something completely misses you.
You miss something. Something hits you.
You hit something but do no damage.
Something hits you but does no damage. x2
You closely miss something. Something hits you.
You closely miss something. Something hits you.
* * * LOW HITPOINT WARNING * * *
You barely miss something. Something hits you but does no damage.
You completely miss something. Something hits you but does no damage.
Something hits you.
* * * LOW HITPOINT WARNING * * *
You closely miss something.
An orc wizard appears from thin air!
Reactivating autopickup.
The orc wizard hits you but does no damage.
You completely miss the orc wizard.
The orc wizard is severely wounded.
The orc wizard closely misses you.
You barely miss the orc wizard.
The orc wizard is severely wounded.
The orc wizard misses you.
The orc wizard hits you with a +0 dagger.
* * * LOW HITPOINT WARNING * * *
You closely miss the orc wizard.
The orc wizard is heavily wounded.
The orc wizard barely misses you.
You closely miss the orc wizard.
The orc wizard is heavily wounded.
The orc wizard points at you and mumbles some strange words.
The magic dart hits you!
You die...

♣o###########
....).ooo@5.#
#.#########.#
#<...# #..###
#..# #..#
#... #...#
###.#


You could see an orc wizard, 2 orcs and a friendly cerulean imp (summoned).

Vanquished Creatures
  A bat (D:2)
  2 goblins (D:2)
  A jackal (D:1)
  2 quokkas
  A rat (D:1)
7 creatures vanquished.

Vanquished Creatures (collateral kills)
  A worm (D:2)
  2 orcs (D:3)
  5 ball pythons
  4 endoplasms
  A giant cockroach (D:1)
  4 hobgoblins
  2 jackals (D:1)
  A kobold (D:2)
  2 bats (D:1)
  A frilled lizard (D:1)
  A rat (D:2)
24 creatures vanquished.

Grand Total: 31 creatures vanquished

Notes
Turn   | Place    | Note
-------+----------+-------------------------------------------
     0 | D:1      | snakesoul the Merfolk Summoner began the quest for the Orb.
     0 | D:1      | Reached XP level 1. HP: 13/13 MP: 3/3
   189 | D:1      | Reached XP level 2. HP: 3/19 MP: 1/5
   336 | D:1      | Learned a level 2 spell: Call Imp
   338 | D:1      | Learned a level 1 spell: Magic Dart
  1112 | D:2      | Found Adehut's Magic Scroll Shoppe.
  1120 | D:2      | Reached XP level 3. HP: 24/24 MP: 1/6
  1176 | D:2      | Bought a scroll of identify for 24 gold pieces
  1190 | D:2      | Found Kyshulim's General Store.
  1264 | D:2      | Found Ashrufupo's Magic Scroll Boutique.
  1284 | D:2      | Found Ceaduq's Armour Boutique.
  1675 | D:2      | Learned a level 3 spell: Call Canine Familiar
  1811 | D:2      | Found Kyworess's Magic Scroll Shop.
  1933 | D:3      | Killed from afar by an orc wizard

Illustrated notes

Levels and vault maps discovered:
D:1:      sevenhm_arrival_forest_fort_small_4, layout_rooms,
          minmay_misc_feat_iff
D:2:      layout_basic, serial_shops, nicolae_shop_just_a_little_nook,
          nicolae_shop_just_a_little_nook, nicolae_shop_waterfront,
          nicolae_shop_tiny_real_fake_doors, shop
D:3:      layout_basic, nicolae_yredelemnul_corpse_copse,
          mainiacjoe_overflow_cross_hatched, lemuel_tele_altar,
          minmay_misc_feat_square

Skill      XL: |  1 |
---------------+----+-----
Dodging        | 3 |  3.6
Stealth        | |  2.1
Spellcasting   | |  2.5
Summonings     | |  4.4

Action                     || total
---------------------------++-------
  Melee: Unarmed           ||    66
         Punch             ||     1
         Hand axe          ||    31
   Cast: Summon Small Mamm ||    38
         Call Imp          ||    17
    Use: Potion            ||     1
 Armour: Robe              ||    35
  Dodge: Dodged            ||   106
